 Dungeon Crawl Stone Soup version 0.30.1-3-gfc49f6343a (webtiles) character file.

Game seed: 15044137847388523507

1639 boopmooplesden the Twirler (level 8, -4/60 HPs)
             Began as a Demonspawn Gladiator on July 31, 2023.
             Was a Follower of Okawaru.
             Killed from afar by Maggie (7 damage)
             ... with a bolt of fire
             ... on level 7 of the Dungeon.
             The game lasted 00:08:27 (5485 turns).

boopmooplesden the Twirler (Demonspawn Gladiator)   Turns: 5485, Time: 00:08:28

Health: -4/60      AC: 25    Str: 16    XL:     8   Next: 66%
Magic:  8/8        EV:  8    Int: 10    God:    Okawaru [*.....]
Gold:   468        SH:  0    Dex: 15    Spells: 7/7 levels left

rFire   . . .        a - +0 quarterstaff (protect)
rCold   . . .        (shield currently unavailable)
rNeg    . . .        p - +1 plate armour
rPois   .            (helmet restricted)
rElec   .            j - +0 cloak
rCorr   .            (no gloves)
SInv    .            (no boots)
Will    .....        h - amulet of magic regeneration Stlth
                     (no ring)
HPRegen 0.00/turn    (no ring)
MPRegen 0.51/turn

%: no passive effects
@: heroic, under a protective aura, inhibited regen
A: horns 2, condensation shield, demonic touch 2, hooves 1, iridescent scales 1,
inhibited regeneration
a: Renounce Religion, Heroism


You were on level 7 of the Dungeon.
You worshipped Okawaru.
Okawaru was aware of your devotion.
You visited 2 branches of the dungeon, and saw 8 of its levels.

You collected 468 gold pieces.

Inventory:

Hand Weapons
 a - a +0 quarterstaff of protection (weapon)
Missiles
 e - a javelin (quivered)
Armour
 b - a +0 leather armour
 c - a +0 helmet
 g - a +0 ring mail
 j - a +0 cloak (worn)
 p - a +1 plate armour (worn)
 u - the +1 leather armour "Biapassi" {rPois rC+}
   (You found it on level 4 of the Dungeon)

   rC:        It protects you from cold.
   rPois:     It protects you from poison.
Jewellery
 d - an amulet of the acrobat
 h - an amulet of magic regeneration (around neck)
 o - a ring of positive energy
 t - a ring of resist corrosion
 A - an amulet of faith
Wands
 s - a wand of iceblast (4)
 z - a wand of mindburst (10)
Scrolls
 k - a scroll of magic mapping
 r - a scroll of fog
 w - 3 scrolls of silence {unknown}
 y - a scroll of enchant weapon {unknown}
 D - a scroll of identify
Potions
 f - a potion of might
 i - a potion of heal wounds
 l - 3 potions of degeneration
 m - 3 potions of ambrosia
 n - 2 potions of attraction
 q - 5 potions of curing
 v - a potion of flight
 x - a potion of lignification
 B - a potion of brilliance
 C - a potion of magic {unknown}


   Skills:
 + Level 4.3(9.3) Fighting
 + Level 7.1(12.1) Staves
 + Level 1.9(6.9) Throwing
 + Level 4.8(9.8) Armour
 + Level 4.2(9.2) Dodging
 + Level 1.0(6.0) Stealth
 + Level 2.2(7.2) Shields


You had 7 spell levels left.
You didn't know any spells.
Your spell library contained the following spells:

 Spells                   Type           Power      Damage    Failure   Level
 Magic Dart               Conj           0%         1d3       100%        1
 Searing Ray              Conj           0%         2d4       100%        2
 Dazzling Flash           Conj/Hex       0%         N/A       100%        3
 Gell's Gravitas          Tloc           0%         N/A       100%        3
 Ignite Poison            Fire/Tmut/Pois 0%         N/A       100%        3
 Mephitic Cloud           Conj/Pois/Air  0%         N/A       100%        3
 Stone Arrow              Conj/Erth      0%         3d7       100%        3
 Teleport Other           Tloc           0%         N/A       100%        3
 Volatile Blastmotes      Fire/Tloc      0%         2d10      100%        3
 Fulminant Prism          Conj/Hex       0%         3d5       100%        4
 Iskenderun's Mystic Bla  Conj/Tloc      0%         2d3       100%        4
 Sticky Flame             Conj/Fire      0%         2d3       100%        4
 Conjure Ball Lightning   Conj/Air       0%         3x3d6     100%        6
 Dispersal                Tloc           0%         N/A       100%        6
 Starburst                Conj/Fire      0%         6d3       100%        6
 Discord                  Hex            0%         N/A       100%        8
 Disjunction              Tloc           0%         N/A       100%        8
 Ignition                 Fire           0%         3d3       100%        8
 Lehudib's Crystal Spear  Conj/Erth      0%         10d2      100%        8
 Call Imp                 Summ           Unusable   N/A       N/A         2
 Animate Armour           Summ/Erth      Unusable   N/A       N/A         4

Dungeon Overview and Level Annotations

Branches:
Dungeon (7/15)             Temple (1/1) D:5

Altars:
Dithmenos
Fedhas
Kikubaaqudgha
Makhleb
Nemelex Xobeh
Okawaru
Qazlal
Ru
Sif Muna
Uskayaw
Vehumet
Wu Jian
Xom

Shops:
D:2 !

Annotations:
D:7 Maggie


Innate Abilities, Weirdness & Mutations

You have a pair of horns on your head.
A meltable shield of frost defends you. (SH +0)
Your touch may inflict irresistible damage on your foes.
You have large cloven feet.
You are partially covered in iridescent scales. (AC +2)
You do not regenerate when monsters are visible.


Message History

The white imp closely misses you.
You closely miss the white imp. Your headbutt misses the white imp.
The white imp closely misses you.
You hit the white imp.
Your weapon exudes an aura of protection.
Your kick misses the white imp.
The white imp is heavily wounded.
You hit the white imp. You kick the white imp.
You kill the white imp!
Okawaru accepts your kill.
Maggie the Vainglorious comes into view.
She is wielding a +0 glaive.
Maggie is nearby!
Maggie is nearby!
Maggie is nearby!
Maggie shouts!
Maggie barely misses you.
You gain the combat prowess of a mighty hero.
Maggie gestures at you while chanting. The bolt of fire hits you!!
Your condensation shield dissipates!
Maggie gestures at you while chanting. The bolt of fire hits you!!
Ouch! That really hurt!
* * * LOW HITPOINT WARNING * * *
You hit Maggie but do no damage.
Your weapon exudes an aura of protection.
Your kick misses Maggie. Maggie hits you but does no damage.
You barely miss Maggie. You kick Maggie, but do no damage.
You headbutt Maggie, but do no damage. Maggie hits you with a +0 glaive.
* * * LOW HITPOINT WARNING * * *
You hit Maggie. Your kick misses Maggie.
Maggie is lightly wounded.
You thump Maggie! You kick Maggie.
Maggie is moderately wounded.
Maggie barely misses you.
You sock Maggie! You kick Maggie, but do no damage.
Maggie is heavily wounded.
Maggie points at you and mumbles some strange words.
The bolt of fire hits you!
You die...

#..... #......######### #
##..... #..............# #
..$.... #..............# #
....#..####..............# #
.........##.......##########
..........#####+#......?....
...........####.############
#...........@.......#.......
#.###......@.##. #......)...
#........##+##..........
#............#..........
#............#..........
#.....†)#).).#..........
#........†....#'#'######
#.......#####...#.######
#.......# ##..#.......
#######.# #.......###


You could see Maggie.

Vanquished Creatures
  An ice beast (D:7)
  2 sky beasts
  2 black bears
  An ogre (D:2)
  A centaur (D:7)
  A bullfrog (D:7)
  2 scorpions
  3 hounds
  A gnoll bouda (D:7)
  3 orc priests
  2 jellies
  A sleepcap (D:6)
  4 iguanas
  4 orc wizards
  Terence (D:3)
  5 gnolls
  11 adders
  A shadow imp (D:6)
  2 white imps
  A worm (D:3)
  3 dart slugs
  17 orcs
  8 ball pythons
  7 bats
  7 endoplasms
  4 giant cockroaches
  7 goblins
  9 hobgoblins
  8 jackals (D:1)
  8 kobolds
  7 quokkas
  5 frilled lizards
  7 rats
146 creatures vanquished.

Notes
Turn   | Place    | Note
-------+----------+-------------------------------------------
     0 | D:1      | boopmooplesden the Demonspawn Gladiator began the quest for
                  | the Orb.
     0 | D:1      | Reached XP level 1. HP: 16/16 MP: 1/1
    58 | D:1      | Discovered your monstrous ancestry.
    58 | D:1      | Gained mutation: Your touch may inflict minor irresistible
                  | damage on your foes. [demonic ancestry]
    58 | D:1      | Reached XP level 2. HP: 17/22 MP: 2/2
   157 | D:1      | Reached skill level 3 in Staves
   357 | D:1      | Gained mutation: You have a pair of small horns on your
                  | head. [demonic ancestry]
   357 | D:1      | Reached XP level 3. HP: 13/27 MP: 3/3
   865 | D:2      | Noticed an ogre
   893 | D:3      | Reached XP level 4. HP: 26/33 MP: 4/4
   954 | D:3      | Noticed Terence
  1005 | D:2      | Killed an ogre
  1006 | D:2      | Reached skill level 4 in Staves
  1006 | D:2      | Reached skill level 1 in Armour
  1006 | D:2      | Gained mutation: Your touch may inflict irresistible damage
                  | on your foes. [demonic ancestry]
  1006 | D:2      | Reached XP level 5. HP: 36/39 MP: 5/5
  1019 | D:2      | Found Esebrip's Distillery.
  1395 | D:2      | Found a faded altar of an unknown god.
  1871 | D:3      | Killed Terence
  1872 | D:3      | Gained mutation: A meltable shield of frost defends you.
                  | (SH +0) [demonic ancestry]
  1872 | D:3      | Reached XP level 6. HP: 24/46 MP: 6/6
  3075 | D:4      | Reached skill level 5 in Staves
  3075 | D:4      | Gained mutation: You have a pair of horns on your head.
                  | [demonic ancestry]
  3075 | D:4      | Reached XP level 7. HP: 47/52 MP: 7/7
  3173 | D:4      | Identified the +1 leather armour "Biapassi" {rPois rC+}
  3447 | D:4      | Gained mutation: You do not regenerate when monsters are
                  | visible. [potion of mutation]
  3447 | D:4      | Gained mutation: You have large cloven feet. [potion of
                  | mutation]
  3447 | D:4      | Gained mutation: You are partially covered in iridescent
                  | scales. (AC +2) [potion of mutation]
  3501 | D:5      | Entered Level 5 of the Dungeon
  4186 | D:5      | Found a staircase to the Ecumenical Temple.
  4199 | Temple   | Entered the Ecumenical Temple
  4312 | Temple   | Became a worshipper of Warmaster Okawaru
  4574 | D:6      | Reached skill level 1 in Shields
  4590 | D:6      | Identified the +3 plate armour of Cloud Cover {rPois}
  4713 | D:6      | Reached skill level 6 in Staves
  4763 | D:6      | Reached XP level 8. HP: 42/60 MP: 8/8
  5086 | D:7      | Reached * piety under Okawaru
  5359 | D:7      | Reached skill level 7 in Staves
  5359 | D:7      | Reached skill level 1 in Stealth
  5475 | D:7      | Noticed Maggie
  5482 | D:7      | HP: 3/60 [Maggie/+0 glaive (1)]
  5485 | D:7      | Killed from afar by Maggie

Illustrated notes

Levels and vault maps discovered:
D:1:      matt_arrival_grand_opening, layout_loops_ring, minmay_misc_feat_square
D:2:      layout_rooms, serial_shops, shop, hellmonk_ecumenical_altar_blasted,
          corexii_corridor_pit, st_stairs_1, minmay_strange_pillars
D:3:      layout_loops_ring, lexackson_kobold_supper, uniq_terence
D:4:      layout_gridville
D:5:      layout_basic, lemuel_temple_firewalk_a
D:6:      minmay_evil_eye, layout_basic, corexii_checkpoint_b
D:7:      layout_basic, minmay_a_box_with_orc_wizards_in_it, uniq_maggie
Temple:   nicolae_temple_superstar

Skill      XL: |  1  2  3  4  5  6  7  8 |
---------------+-------------------------+-----
Dodging        | 3 4 |  4.2
Staves         | 3 4 5 6 7 |  7.1
Armour         | 1 3 4 |  4.8
Fighting       | 3 4 |  4.3
Shields        | 1 2 |  2.2
Stealth        | 1 |  1.0
Throwing       | |  1.9

Action                     |  1- 3 |  4- 6 |  7- 9 || total
---------------------------+-------+-------+-------++-------
  Melee: Quarterstaff      |   117 |   202 |   200 ||   519
         Headbutt          |    10 |    38 |    39 ||    87
         Kick              |       |       |    53 ||    53
  Throw: Throwing net      |       |     3 |       ||     3
 Invoke: Heroism           |       |       |     1 ||     1
    Use: Potion            |     2 |     1 |     1 ||     4
         Scroll            |     2 |     7 |    10 ||    19
 Armour: Leather armour    |    51 |       |       ||    51
         Ring mail         |       |    39 |       ||    39
         Plate armour      |       |    85 |   163 ||   248
  Dodge: Dodged            |   112 |   117 |    55 ||   284
  Block: Other             |       |    20 |    40 ||    60
